 Dungeon Crawl Stone Soup version 0.21.1-1-g345015fe64 (webtiles) character file.

29 Evaline the Caller (level 3, 0/25 HPs)
             Began as a Merfolk Summoner on June 10, 2018.
             Succumbed to an adder's poison
             ... on level 1 of the Dungeon.
             The game lasted 00:07:50 (1082 turns).

Evaline the Caller (Merfolk Summoner)               Turns: 1082, Time: 00:07:50

Health: 0/25       AC:  2    Str:  8    XL:     3   Next: 16%
Magic:  3/6        EV: 13    Int: 15    God:
Gold:   30         SH:  0    Dex: 14    Spells: 5/6 levels left

rFire    . . .     SeeInvis .   a - +0 spear
rCold    . . .     Gourm    .   (no shield)
rNeg     . . .     Faith    .   o - +0 robe
rPois    .         Spirit   .   (no helmet)
rElec    .         Reflect  .   (no cloak)
rCorr    .         Harm     .   (no gloves)
MR       .....                  (no boots)
Stlth    ++........             (no amulet)
HPRegen  0.08/turn              (no ring)
MPRegen  0.10/turn              (no ring)

@: lethally poisoned (0 -> -4)
A: change form in water, swift swim, stealthy swim
a: no special abilities


You were on level 1 of the Dungeon.
You were not hungry.

You visited 1 branch of the dungeon, and saw 2 of its levels.

You collected 30 gold pieces.

Inventory:

Hand Weapons
 a - a +0 spear (weapon)
 b - a +0 dagger
Armour
 o - a +0 robe (worn)
Jewellery
 i - a +6 ring of protection {unknown}
Scrolls
 d - a scroll of teleportation {unknown}
 e - a scroll of magic mapping {unknown}
 f - a scroll of enchant armour {unknown}
 h - a scroll of amnesia {unknown}
 j - 2 scrolls of identify {unknown}
 k - 2 scrolls of fog {unknown}
Potions
 g - a potion of lignification {unknown}
 l - a potion of haste {unknown}
Books
 n - a book of Callings

   Spells                             Type                      Level
   a - Summon Small Mammal            Summoning                    1
   b - Call Imp                       Summoning                    2
   c - Call Canine Familiar           Summoning                    3
   d - Summon Guardian Golem          Hexes/Summoning              3
   e - Summon Lightning Spire         Summoning/Air                4
   f - Summon Ice Beast               Ice/Summoning                4
Comestibles
 c - 3 rations
 m - a chunk of flesh


   Skills:
 + Level 0.5 Fighting
 * Level 0.3 Polearms
 * Level 3.0 Dodging
 * Level 2.6 Stealth
 * Level 2.4 Spellcasting
 + Level 4.2 Summonings


You had 5 spell levels left.
You knew the following spells:

 Your Spells              Type           Power        Failure   Level  Hunger
a - Summon Small Mammal   Summ           ##..         3%          1    #......


Dungeon Overview and Level Annotations

Branches:
Dungeon (2/15)

Altars:


Message History

You closely miss the adder.
The adder is almost dead.
* * * LOW HITPOINT WARNING * * *
You feel sick.
Your rat bites the adder.
The adder dies!
Your Dodging skill increases to level 3!
You have reached level 3!
Your experience leads to an increase in your attributes!
Increase (S)trength, (I)ntelligence, or (D)exterity?
You feel clever.
Your bat disappears in a puff of smoke!
There is a lethal amount of poison in your body!
* * * LOW HITPOINT WARNING * * *
You feel sick.
* * * LOW HITPOINT WARNING * * *
You feel sick.
* * * LOW HITPOINT WARNING * * *
You feel sick.
Your rat disappears in a puff of smoke!
You die...

.................#
..###.##########.# .## #.# #.# .#
#.# #.######### .# #.#
#.........# .# #.# #..######.#
.####.# #..# #.# ......#####
####r.######.# ..........#
#...@.>....#.##
.########.###.##..........# .#
#.##b.##..#.....#.####
.########.#.r.....#.....#....####
.#...(............#.....#........
.#.#########.###..#....(#.##.####
)#.### #.# #..#..<..#.##.#
.#...## #.# #..#.....#..#.#
..###.## #.# #..#.....#..#.#


You could see a friendly rat.

Vanquished Creatures
  A leopard gecko (D:1)
  A ball python (D:1)
  A giant cockroach (D:1)
  2 goblins (D:1)
  A hobgoblin (D:1)
  2 bats (D:1)
  2 kobolds
  3 rats (D:1)
13 creatures vanquished.

Vanquished Creatures (collateral kills)
  An adder (D:1)
  An ooze (D:1)
  2 dart slugs (D:1)
  A bat (D:1)
  A goblin (D:1)
  A hobgoblin (D:1)
  A kobold (D:1)
  A rat (D:1)
9 creatures vanquished.

Grand Total: 22 creatures vanquished

Notes
Turn   | Place    | Note
-------+----------+-------------------------------------------
     0 | D:1      | Evaline the Merfolk Summoner began the quest for the Orb.
     0 | D:1      | Reached XP level 1. HP: 13/13 MP: 3/3
   318 | D:1      | Reached XP level 2. HP: 6/19 MP: 3/5
  1073 | D:1      | Reached XP level 3. HP: 4/25 MP: 2/6
  1079 | D:1      | HP: 1/25 [poisoned by an adder]
  1082 | D:1      | Succumbed to an adder's poison

Skill      XL: |  1  2 |
---------------+-------+-----
Dodging        | 3 |  3.0
Fighting       | |  0.5
Polearms       | |  0.3
Stealth        | |  2.6
Spellcasting   | |  2.4
Summonings     | |  4.2

Action                   || total
-------------------------++-------
Melee: Unarmed           ||    23
       Spear             ||    43
       Hand axe          ||     6
       Dagger            ||     3
 Cast: Summon Small Mamm ||    16
 Stab: Sleeping          ||     4
  Eat: Chunk             ||     1
Armor: Robe              ||    21
Dodge: Dodged            ||    68
